 Dungeon Crawl Stone Soup version 0.29.1-12-g30fa7ad0bf (webtiles) character file.

Game seed: 5184496142314766024

129 warriortoast the Shooter (level 4, 0/23 HPs)
             Began as a Spriggan Hunter on Dec 14, 2022.
             Slain by a gnoll
             ... wielding a +0 halberd
              (13 damage)
             ... on level 3 of the Dungeon.
             The game lasted 00:02:58 (1998 turns).

warriortoast the Shooter (Spriggan Hunter)          Turns: 1998, Time: 00:02:59

Health: 0/23       AC:  2    Str:  7    XL:     4   Next: 88%
Magic:  5/5        EV: 19    Int: 10    God:
Gold:   175        SH:  0    Dex: 20    Spells: 3/3 levels left

rFire   . . .      SeeInvis +   a - +0 shortbow
rCold   . . .      Faith    .   (shield currently unavailable)
rNeg    . . .      Spirit   .   c - +0 robe
rPois   .          Reflect  .   (helmet restricted)
rElec   .          Harm     .   (no cloak)
rCorr   .          Rampage  .   (gloves unavailable)
Will    .....                   (boots unavailable)
Stlth   +++.......              (no amulet)
HPRegen 0.07/turn               (no ring)
MPRegen 0.09/turn               (no ring)

@: very quick
A: very small, no large weapons, unfitting armour, see invisible, speed 3
a: no special abilities


You were on level 3 of the Dungeon.
You visited 1 branch of the dungeon, and saw 3 of its levels.

You collected 175 gold pieces.

Inventory:

Hand Weapons
 a - a +0 shortbow (weapon)
Armour
 c - a +0 robe (worn)
Jewellery
 i - a ring of resist corrosion
 r - a ring of wizardry
Wands
 q - a wand of charming (8)
Scrolls
 b - a scroll of immolation
 g - 2 scrolls of identify {unknown}
 k - a scroll of summoning {unknown}
 l - a scroll of enchant armour {unknown}
 m - a scroll of butterflies {unknown}
 n - a scroll of torment {unknown}
 o - 2 scrolls of brand weapon {unknown}
 p - a scroll of magic mapping {unknown}
Potions
 d - 2 potions of degeneration {unknown}
 e - 2 potions of attraction {unknown}
 f - a potion of ambrosia {unknown}
 h - 6 potions of curing {unknown}
 j - a potion of haste {unknown}
 s - 3 potions of magic {unknown}


   Skills:
 + Level 2.5 Fighting
 + Level 4.6 Ranged Weapons
 + Level 4.1 Dodging
 + Level 3.8 Stealth


You had 3 spell levels left.
You didn't know any spells.
Your spell library was empty.

Dungeon Overview and Level Annotations

Branches:
Dungeon (3/15)

Altars:
Nemelex Xobeh


Innate Abilities, Weirdness & Mutations

You are very small and have problems with some larger weapons.
You are too small for most types of armour.
You have supernaturally acute eyesight. (SInv)
You cover ground extremely quickly. (Speed+++)


Message History

The arrow hits the ball python.
You kill the ball python!
No target in view!
No target in view!
No target in view!
A frilled lizard comes into view.
You shoot an arrow. The arrow hits the frilled lizard.
You kill the frilled lizard!
No target in view!
No target in view!
No target in view!
You see here a frilled lizard corpse.
You now have 175 gold pieces (gained 12).
Found a stone staircase leading down.
No target in view!
There is a stone staircase leading down here.
You shoot an arrow. The hobgoblin shouts!
The gnoll shouts!
The arrow hits the hobgoblin.
You kill the hobgoblin!
You hear a shout!
No target in view!
No target in view!
You shoot an arrow. The gnoll shouts!
The arrow hits the gnoll!
The gnoll is severely wounded.
You shoot an arrow. The arrow closely misses the gnoll.
You shoot an arrow. The arrow barely misses the gnoll.
You shoot an arrow. The arrow barely misses the gnoll.
You shoot an arrow. The arrow hits the gnoll!
You kill the gnoll!
No target in view!
No target in view!
The gnoll hits you from afar with a +0 halberd!
You shoot an arrow. The arrow hits the gnoll.
The gnoll is moderately wounded.
The gnoll hits you from afar with a +0 halberd!
Ouch! That really hurt!
You die...

#.##.###...###.#. # #####
#.##.##........$#. ###.##.#.....#
#... ## ............####.# .. .
#.####.#.##.###..#.#....
#.####.#..g.....).......
#.#.......#####..#(#....
..#.#####.# ##.#...... ###.#
#.#### #@)...... #.# ....#
#....###.#g.##.. #.# ###.#
#.##.....#..# . #.# #
#.#####....#####..# #.# #
#..........# #..# #.# #
####..#.##.# #..# #.# # #....##.#
#..# #.#### ######.#...#.#####..#
#..>..
....................########.####


You could see a gnoll.

Vanquished Creatures
  Robin (D:2)
  2 gnolls (D:3)
  5 adders
  A worm (D:2)
  3 endoplasms (D:3)
  2 giant cockroaches
  11 goblins
  7 hobgoblins
  A quokka (D:1)
  6 ball pythons
  3 bats (D:2)
  3 frilled lizards
  5 kobolds
  7 rats
57 creatures vanquished.

Notes
Turn   | Place    | Note
-------+----------+-------------------------------------------
     0 | D:1      | warriortoast the Spriggan Hunter began the quest for the
                  | Orb.
     0 | D:1      | Reached XP level 1. HP: 10/10 MP: 2/2
   104 | D:1      | Found a faded altar of an unknown god.
   278 | D:1      | Reached XP level 2. HP: 15/15 MP: 3/3
   603 | D:2      | Reached XP level 3. HP: 11/18 MP: 4/4
   722 | D:2      | Noticed Robin
   725 | D:2      | Killed Robin
   940 | D:2      | Reached XP level 4. HP: 23/23 MP: 5/5
   996 | D:2      | Found a sparkling altar of Nemelex Xobeh.
  1998 | D:3      | Slain by a gnoll

Illustrated notes

Levels and vault maps discovered:
D:1:      lightli_arrival_statue_moat, layout_loops_ring,
          chequers_ecumenical_altar_island, amcnicky_mini_corridor_feature
D:2:      layout_rooms, basic_altar, uniq_robin
D:3:      layout_loops_ring, serial_shops, shop

Skill      XL: |  1  2  3  4 |
---------------+-------------+-----
Stealth        | 2 3 |  3.8
Dodging        | 3 4 |  4.1
Fighting       | 2 |  2.5
Ranged Weapons | |  4.6

Action                   |  1- 3 |  4- 6 || total
-------------------------+-------+-------++-------
 Fire: Shortbow          |    80 |    51 ||   131
Armor: Robe              |     3 |       ||     3
Dodge: Dodged            |    16 |    21 ||    37
